[Event "*** Titled Tuesday Blitz"]
[Site "Chess.com"]
[Date "2021.02.16"]
[Round "7"]
[White "anon102030"]
[Black "maxip32"]
[Result "1/2-1/2"]
[WhiteElo "2702"]
[BlackElo "2515"]
[TimeControl "180+1"]
[EndTime "11:19:16 PST"]
[Termination "Game drawn by repetition"]

1. e4 c5 2. Nc3 d6 3. g3 g6 4. Bg2 Bg7 5. d3 Nc6 6. f4 e6 7. Nf3 Nge7 8. O-O O-O 9. Be3 b6 10. d4 Ba6 11. Re1 d5 12. exd5 exd5 13. Bf2 c4 14.
Ne5 Bb7 15. Qf3 f6 16. Nxc6 Bxc6 17. Re6 Qd7 18. Rae1 Rae8 19. Qe2 Kf7 20. g4 f5 21. gxf5 Nxf5 22. Rxe8 Rxe8 23. Qxe8+ Qxe8 24. Rxe8 Kxe8 25. Nxd5 Nxd4 26. c3 Ne6 27. Be3 Kd7 28. Nb4 Bxg2 29. Kxg2 Kd6 30. Kf3 Nc5 31. Bxc5+ Kxc5 32. Nc2 a5 33.
Ne3 b5 34. Ke4 b4 35. Nd5 h6 36. cxb4+ axb4 37. b3 c3 38. Ne3 Bd4 39. Nc2 Bf6 40. h3 Bg7 41. Ne3 Bf6 42. Nc2 Bg7 43. Ne3 Bf6 44. f5 g5 45. Nc2 h5 46. Ne3 Bg7 47.
Nc2 Bf6 48. Ne3 Bg7 49. Nc2 Bf6 1/2-1/2

[Event "*** Titled Tuesday Blitz"]
[Site "Chess.com"]
[Date "2021.02.16"]
[Round "7"]
[White "MasterMK73"]
[Black "Eliwood44"]
[Result "1/2-1/2"]
[WhiteElo "2278"]
[BlackElo "2459"]
[TimeControl "180+1"]
[EndTime "11:19:16 PST"]
[Termination "Game drawn by agreement"]

1. e4 e5 2. Nc3 Nf6 3. g3 Bc5 4. Bg2 h5 5. h3 c6 6. Nge2 d6 7. d4 exd4 8. Nxd4 b5 9. O-O Bb7 10. Re1 Nbd7 11. Nf5 O-O 12. Nxd6 Rb8 13. Nxb7 Rxb7 14.
e5 Nd5 15. Nxd5 cxd5 16. Bxd5 Rb6 17. e6 Nf6 18. exf7+ Kh8 19. Bb3 Rd6 20. Qf3 g6 21.
Bg5 Kg7 22. Rad1 Rxd1 23. Rxd1 Qb6 24. Bxf6+ Qxf6 25. Qxf6+ Kxf6 26. Rd7 g5 27. Kg2 h4 28. f4 gxf4 29. gxf4 a5 30. Bd5 a4 31. Rc7 Bd6 32.
Rc6 Ke7 33. Kf3 Rd8 34. Rb6 b4 35. Rb7+ Kf8 36. Kg4 Bxf4 37. Be6 Bd6 38. Kxh4 Be7+ 39. Kg4 a3 40. bxa3 bxa3 41. h4 Rd4+ 42. Kg3 Bxh4+ 43.
Kf3 Rd8 44. c4 Be7 45. Rc7 Rd6 46. Bd5 Rd8 47. Ke4 Bd6 48. Rc6 Be7 49. c5 Rb8 50.
Ke5 Kg7 51. Ke6 Bf8 52. Ke5 Rb5 53. Kd4 Rb4+ 54. Kc3 1/2-1/2

[Event "*** Titled Tuesday Blitz"]
[Site "Chess.com"]
[Date "2021.02.16"]
[Round "7"]
[White "Chopper1905"]
[Black "Twitch_ElhamBlitz05"]
[Result "1-0"]
[WhiteElo "2954"]
[BlackElo "2832"]
[TimeControl "180+1"]
[EndTime "11:19:18 PST"]
[Termination "Chopper1905 won on time"]

1. d4 Nf6 2. c4 e6 3. Nf3 d5 4. Nc3 dxc4 5. e4 b5 6. e5 Nd5 7. Nxb5 Nb6 8. Be2 Be7 9. O-O O-O 10. Qd2 Nc6 11. Qf4 Rb8 12. Nc3 Nb4 13. Rd1 f5 14.
exf6 Bxf6 15. Qg3 Bb7 16. Bf4 N4d5 17. Nxd5 Nxd5 18. Bd2 Ba6 19. b3 c5 20. Bxc4 Bxc4 21. bxc4 Ne7 22. Qg4 Nf5 23. Bg5 cxd4 24. h4 h6 25.
Bxf6 Qxf6 26. c5 Rb2 27. Rac1 Rc8 28. c6 Rxa2 29. c7 Rb2 30. Qe4 Qe7 31. Rc6 Rxc7 32. Rxe6 Qf7 33. Re8+ Kh7 34. Re5 g6 35. h5 Ng7 36. Rxd4 Rb6 37. Rd1 Rf6 38. hxg6+ Qxg6 39. Qe2 Qf7 40. Qd3+ Qg6 41. Qe2 Rcf7 42. Nh4 Rxf2 43.
Qxf2 Rxf2 44. Nxg6 Ra2 45. Nf8+ Kg8 46. Rd8 Kf7 47.
Rb5 Ra1+ 48. Kh2 1-0

[Event "*** Titled Tuesday Blitz"]
[Site "Chess.com"]
[Date "2021.02.16"]
[Round "7"]
[White "GM_Crest"]
[Black "vaishali2001"]
[Result "1-0"]
[WhiteElo "2744"]
[BlackElo "2582"]
[TimeControl "180+1"]
[EndTime "11:19:18 PST"]
[Termination "GM_Crest won by resignation"]

1. d4 Nf6 2. c4 g6 3. Nc3 d5 4. Nf3 Bg7 5. cxd5 Nxd5 6. Bg5 h6 7. Bh4 Nxc3 8. bxc3 O-O 9. e3 c5 10. Qd2 b6 11. Be2 Ba6 12. Bxa6 Nxa6 13. O-O cxd4 14. cxd4 Qd6 15. h3 Rac8 16. Rac1 Qa3 17. e4 e6 18. d5 exd5 19. exd5 g5 20. Bg3 Nc5 21. Rfe1 Nd3 22. Rxc8 Rxc8 23. Re3 Qc1+ 24. Qxc1 Rxc1+ 25. Kh2 Nc5 26. Re8+ Kh7 27. Re7 Kg6 28. Rxa7 Rd1 29. d6 Ne4 30. d7 Nc5 31. d8=Q Rxd8 32. Bc7 Rd7 33. Bxb6 Rxa7 34. Bxa7 Na4 35. Bd4 Bf8 36.
g4 Bd6+ 37. Kg2 f5 38. Ne5+ Kf6 39. Nc4+ Ke6 40. Nxd6 Kxd6 41. gxf5 Kd5 42. Bg7 Nb6 43. Bxh6 Ke5 44. Bxg5 Kxf5 45. Be3 Nd5 46. a4 Ke6 47. a5 Kd7 48. a6 Kc6 49. a7 Kb7 50. h4 Nf6 51.
Kf3 1-0

[Event "*** Titled Tuesday Blitz"]
[Site "Chess.com"]
[Date "2021.02.16"]
[Round "7"]
[White "Vanina1989"]
[Black "amintabatabaei"]
[Result "0-1"]
[WhiteElo "2743"]
[BlackElo "2924"]
[TimeControl "180+1"]
[EndTime "11:19:20 PST"]
[Termination "amintabatabaei won on time"]

1. d4 Nf6 2. c4 g6 3. Nc3 Bg7 4.
e4 d6 5. Nf3 O-O 6. Be2 e5 7. O-O Nc6 8. Be3 Ng4 9. Bg5 f6 10. Bh4 Qe8 11. d5 Nd8 12. Rc1 h5 13. Nd2 Nh6 14. b4 Nhf7 15. Bg3 f5 16. exf5 Bxf5 17. Nde4 Qe7 18. f3 a5 19. a3 Bh6 20.
Ra1 Ng5 21. bxa5 Rxa5 22. Qe1 Nxe4 23. Nxe4 b6 24. Bh4 Be3+ 25. Kh1 Qg7 26. Bd3 Bd4 27. Ra2 Nb7 28. g4 hxg4 29. fxg4 Bxe4+ 30. Bxe4 Rxf1+ 31. Qxf1 Nc5 32. Bg2 Ra8 33. Bf6 Qh7 34. g5 Qh4 35. a4 Rf8 36. Qe2 Nd7 37. Qe4 Qxe4 38. Bxe4 Nxf6 39.
gxf6 Rxf6 40. Kg2 Rf4 41. Bb1 Bc5 42. Kg3 Kg7 43. Bd3 Rd4 44. Bf1 Rd1 45. Kg2 Kh6 46.
a5 bxa5 47. Rxa5 Rd2+ 48. Kg3 Bg1 49. h3 Kg5 50. Ra3 Bf2+ 51. Kf3 Bc5 52. Ra1 Bd4 53. Rb1 Rf2+ 54. Kg3 e4 55. Bg2 e3 56. Re1 Rc2 57. h4+ Kh6 0-1

[Event "*** Titled Tuesday Blitz"]
[Site "Chess.com"]
[Date "2021.02.16"]
[Round "7"]
[White "DenishevM"]
[Black "ckgchess"]
[Result "0-1"]
[WhiteElo "2589"]
[BlackElo "2761"]
[TimeControl "180+1"]
[EndTime "11:19:20 PST"]
[Termination "ckgchess won by resignation"]

1. d4 g6 2. e4 Bg7 3. c3 c5 4. Nf3 cxd4 5. cxd4 d5 6. e5 Bg4 7. Nc3 Nc6 8. Bb5 Rc8 9. Be3 e6 10. O-O Ne7 11. h3 Bxf3 12. Qxf3 O-O 13. Rac1 Nf5 14.
Bxc6 Rxc6 15. Rc2 f6 16. exf6 Bxf6 17. Qg4 Rc4 18. b3 Rc6 19. Rfc1 Qc8 20. Qd1 Nxe3 21. fxe3 Bg5 22. Qd3 Qc7 23. Ne2 Rxc2 24. Rxc2 Bxe3+ 25. Qxe3 Qxc2 26. Qxe6+ Rf7 27. Qe8+ Kg7 28. Qe5+ Kh6 29. Qe3+ g5 30. Ng3 Qg6 31. h4 Qf6 32. Kh2 Qf4 33. Qe6+ Kg7 34. h5 Qh4+ 35. Kg1 Qxd4+ 36. Kh2 Qh4+ 37. Kg1 Qxg3 38. h6+ Kf8 39. Qc8+ Ke7 40. Qxb7+ Ke6 41. Qc8+ Rd7 42. Qe8+ Kd6 43. Qb8+ Rc7 44. Qd8+ Kc5 45. Qf8+ Qd6 46. b4+ Kc6 47. b5+ Kc5 48.
Qf2+ Kxb5 0-1

[Event "*** Titled Tuesday Blitz"]
[Site "Chess.com"]
[Date "2021.02.16"]
[Round "7"]
[White "Rodchenkov_Vitalij"]
[Black "Dii210"]
[Result "1/2-1/2"]
[WhiteElo "2552"]
[BlackElo "2367"]
[TimeControl "180+1"]
[EndTime "11:19:21 PST"]
[Termination "Game drawn - insufficient material"]

1. d4 Nf6 2. Bf4 d5 3. e3 c5 4. c3 Nc6 5. Nd2 Bf5 6. dxc5 e5 7. Bg5 Bxc5 8. Nb3 Be7 9. Nf3 O-O 10. Bb5 a6 11. Bxc6 bxc6 12. Nxe5 Qb6 13. Bxf6 Bxf6 14. Nd3 a5 15. O-O a4 16. Nd4 Bg6 17. Nf4 Qxb2 18.
Nxc6 Qxc3 19. Rc1 Qb2 20. Nxd5 Qxa2 21. Nxf6+ gxf6 22. Qd4 Qe6 23. f4 Be4 24. f5 Qe8 25. Qxf6 Bxc6 26. Rxc6 Qxe3+ 27. Kh1 Rfc8 28. Rxc8+ Rxc8 29. Qa1 a3 30. h3 h6 31. Kh2 Qc3 32. Qd1 Qe5+ 33. Kh1 Kh7 34. f6 Rg8 35. Qd3+ Rg6 36. Qxa3 Rxf6 37. Rg1 Rg6 38. Qd3 Kg7 39. Qc2 Qe6 40.
Rd1 Qf6 41. Qe2 Qg5 42. Rf1 Re6 43. Qf2 Rf6 44. Qxf6+ Qxf6 45. Rxf6 Kxf6 46. Kh2 Kg5 47. Kg3 h5 48. Kf3 f5 49. g3 h4 50. gxh4+ Kxh4 51. Kf4 Kxh3 52. Kxf5 1/2-1/2

[Event "*** Titled Tuesday Blitz"]
[Site "Chess.com"]
[Date "2021.02.16"]
[Round "7"]
[White "ajedrez1101"]
[Black "Julianos82"]
[Result "0-1"]
[WhiteElo "2114"]
[BlackElo "2354"]
[TimeControl "180+1"]
[EndTime "11:19:21 PST"]
[Termination "Julianos82 won by resignation"]

1. d4 d5 2. Bf4 c5 3. e3 Nc6 4. Nf3 Bg4 5. Nbd2 e6 6. c3 Bd6 7. Bg3 Nf6 8. Bb5 O-O 9. Bxc6 bxc6 10. Qa4 Bxg3 11. hxg3 cxd4 12. cxd4 Qb6 13. Nb3 Bxf3 14. gxf3 Rac8 15. O-O Rfe8 16. Rac1 e5 17. Rc2 e4 18. f4 Ng4 19. Rfc1 Re6 20. Na5 h6 21. b3 Kh7 22.
Rxc6 Rcxc6 23. Rxc6 Qd8 24. Rxe6 fxe6 25. Nc6 Qe8 26. Ne5 Qxa4 27. bxa4 Nxe5 28. dxe5 g5 29. fxg5 hxg5 30. g4 Kg7 31. Kf1 Kf7 32. Ke2 Ke7 33. Kd2 Kd7 34. Kc3 Kc6 35. Kb4 Kb6 36. a5+ Kc6 37. a4 a6 38. Kb3 Kc5 39. Kc3 d4+ 40. exd4+ Kd5 41. Kd2 Kxd4 42. Ke2 Kxe5 43. Ke3 Kd5 44. Ke2 Kd4 45. Kd2 Kc4 46. Ke3 Kd5 47. Ke2 Kd4 48. Kd2 e3+ 49. fxe3+ Ke4 50. Ke2 e5 51. Kd2 Kf3 52. Kd3 Kxg4 53. Ke4 Kh3 54. Kxe5 g4 55. Kf4 g3 56. e4 g2 0-1

[Event "*** Titled Tuesday Blitz"]
[Site "Chess.com"]
[Date "2021.02.16"]
[Round "7"]
[White "attack2mateU"]
[Black "Beca95"]
[Result "1-0"]
[WhiteElo "2727"]
[BlackElo "2893"]
[TimeControl "180+1"]
[EndTime "11:19:22 PST"]
[Termination "attack2mateU won by checkmate"]

1. e4 c5 2. Nf3 a6 3. c3 e6 4. d4 d5 5. e5 Bd7 6. Bd3 Bb5 7.
O-O Bxd3 8. Qxd3 Nc6 9. Be3 Qb6 10. Nbd2 cxd4 11. cxd4 Be7 12. a3 Nh6 13. Bxh6 gxh6 14. b4 O-O-O 15. Nb3 Kb8 16. Rfb1 Qb5 17. Qe3 Qb6 18.
Qxh6 Rdg8 19. Nc5 Qc7 20. b5 axb5 21. Rxb5 Bxc5 22. Rxc5 Rg6 23. Qc1 Kc8 24. Rb1 Kd7 25. Rcb5 Rb8 26. Qc5 Rg4 27. h3 Re4 28. Ng5 Rxd4 29.
Nxf7 Rf4 30. Nd6 Nd8 31. Qe3 Rc4 32. Qh6 Kc6 33. Nxc4 dxc4 34. Qf8 b6 35. Qb4 Kd7 36. Rc1 Rc8 37. Rxb6 Ke8 38. Rc3 Qxe5 39. Rxc4 Rxc4 40. Qxc4 Qe1+ 41. Kh2 Qe5+ 42. g3 Qe1 43. Qb5+ Kf7 44. Qh5+ Kf6 45. Qf3+ Kg6 46. h4 h5 47. Qe3 Qd1 48. Rb5 Kf7 49. Rg5 Nc6 50. Qf4+ Ke8 51. Rg7 e5 52. Qf7+ Kd8 53. Qf8# 1-0

[Event "*** Titled Tuesday Blitz"]
[Site "Chess.com"]
[Date "2021.02.16"]
[Round "7"]
[White "ChampStan"]
[Black "mbojan"]
[Result "1-0"]
[WhiteElo "2297"]
[BlackElo "2620"]
[TimeControl "180+1"]
[EndTime "11:19:22 PST"]
[Termination "ChampStan won by checkmate"]

1. d4 Nf6 2. c4 g6 3. Nf3 Bg7 4. g3 d5 5. cxd5 Nxd5 6. Bg2 O-O 7.
O-O Nc6 8. Nc3 Nb6 9. d5 Na5 10. Qc2 Bd7 11. Rd1 Qc8 12. Bg5 Re8 13. Rac1 Nac4 14.
b3 Nd6 15. Qd2 a5 16. Bh6 a4 17. Bxg7 Kxg7 18. b4 a3 19. e4 e5 20. dxe6 Bxe6 21. Nd4 Ndc4 22. Qg5 h6 23. Qc5 Nb2 24. Rd2 N6c4 25. Rdc2 b6 26. Nxe6+ Qxe6 27. Qd4+ Qe5 28. Qxe5+ Rxe5 29. f4 Ree8 30. Nd5 c6 31. Nc7 b5 32. Nxa8 Rxa8 33. e5 Rc8 34. Bf1 Rd8 35. Bxc4 Nxc4 36. Kf2 Rd3 37. Re2 Kf8 38. e6 fxe6 39. Rxe6 Rd2+ 40. Re2 Rd3 41. Rce1 Kf7 42. Re7+ Kf6 43. R7e6+ Kf5 44. Rxc6 Rd2+ 45. Re2 Rd3 46. Rc5+ Kg4 47. Kg2 Ne3+ 48. Rxe3 Rxe3 49. h3# 1-0

[Event "*** Titled Tuesday Blitz"]
[Site "Chess.com"]
[Date "2021.02.16"]
[Round "7"]
[White "JoliyRoger"]
[Black "LEGENYA1998"]
[Result "0-1"]
[WhiteElo "2409"]
[BlackElo "2307"]
[TimeControl "180+1"]
[EndTime "11:19:22 PST"]
[Termination "LEGENYA1998 won on time"]

1. Nf3 Nf6 2. c4 c5 3. Nc3 e6 4. e3 a6 5. Be2 Nc6 6. O-O d5 7.
cxd5 Nxd5 8. a3 Nxc3 9. bxc3 e5 10. d4 cxd4 11. cxd4 exd4 12. exd4 Be6 13. Ng5 Bd5 14.
Bd3 Be7 15. Nxh7 g6 16. Re1 Rxh7 17. Bg5 Kf8 18. Bxe7+ Nxe7 19. Qe2 Qd6 20. g3 Re8 21. Rad1 Bc6 22. Qg4 Rh5 23. h4 Bd5 24. Re3 Be6 25. Qe2 Nf5 26. Bxf5 Rxf5 27. Re1 Qxd4 28. Rd1 Qb6 29.
Qe1 Kg7 30. Qc3+ Kg8 31. Rde1 Qd6 32. a4 Rd5 33. Qf6 Rd1 34. h5 Rxe1+ 35. Rxe1 gxh5 36. Re5 Qd1+ 37. Kh2 Kf8 38. Rg5 Qe2 39. Re5 Qg4 40.
Rg5 Qe2 41. Re5 Qc4 42. Qh8+ Ke7 43. Qh6 Qg4 44. Rg5 Qf3 45. Kg1 Qd1+ 46. Kh2 Qf3 47. Kg1 Rc8 48. Re5 Rc2 49. Qg5+ Kd7 0-1

[Event "*** Titled Tuesday Blitz"]
[Site "Chess.com"]
[Date "2021.02.16"]
[Round "7"]
[White "AlexOstrovskiy"]
[Black "chescomhuynya"]
[Result "1-0"]
[WhiteElo "2756"]
[BlackElo "2587"]
[TimeControl "180+1"]
[EndTime "11:19:23 PST"]
[Termination "AlexOstrovskiy won by resignation"]

1. d4 Nf6 2. Bf4 c5 3. dxc5 Na6 4. f3 Nxc5 5. e4 d6 6. Nc3 g6 7. Qd2 Bg7 8. O-O-O O-O 9. g4 Be6 10. Bh6 Qa5 11.
Bxg7 Kxg7 12. Kb1 Rfc8 13. Nge2 b5 14. Nf4 b4 15. Nxe6+ fxe6 16. Ne2 e5 17. h4 Na4 18.
Nc1 Nc3+ 19. bxc3 bxc3 20. Nb3 Qb4 21. Qc1 a5 22. h5 a4 23. Rh2 axb3 24. cxb3 Ra3 25.
hxg6 Rxb3+ 26. Ka1 c2 27. Rxc2 Rbc3 28. Rxc3 Rxc3 29.
Qd2 hxg6 30. Be2 Qc5 31. Kb2 Ra3 32. Rc1 Qa7 33. Ka1 Ra5 34. Bc4 Rc5 35. Rc2 Qb6 36. Bb3 Rxc2 37. Bxc2 Qg1+ 38. Kb2 Nd7 39. Qa5 Nc5 40.
Qc7 Qd4+ 41. Kb1 Qg1+ 42. Kb2 Qd4+ 43. Kb1 Kf8 44. Qd8+ Kf7 45. Qb8 Qg1+ 46. Kb2 Qd4+ 47. Kb1 Qe3 48. Bb3+ Kg7 49. Qg8+ Kf6 50. Qc4 Qxf3 51.
Qf7+ Kg5 52. Qxf3 1-0

[Event "*** Titled Tuesday Blitz"]
[Site "Chess.com"]
[Date "2021.02.16"]
[Round "7"]
[White "Berardino"]
[Black "1977Ivan"]
[Result "1/2-1/2"]
[WhiteElo "2594"]
[BlackElo "2736"]
[TimeControl "180+1"]
[EndTime "11:19:23 PST"]
[Termination "Game drawn by repetition"]

1. e4 e5 2. Bc4 f5 3. d3 Nf6 4. Nc3 c6 5. f4 d5 6. exd5 exf4 7. Bxf4 cxd5 8. Bb5+ Nc6 9. Qe2+ Be7 10. Nf3 d4 11.
Bxc6+ bxc6 12. Nd1 O-O 13. O-O c5 14. b3 Nd5 15.
Bd2 Bd6 16. Nb2 Re8 17. Qf2 Ne3 18. Rfe1 f4 19. Nc4 Bc7 20. c3 Bb7 21. cxd4 cxd4 22. Rac1 Rc8 23. Bb4 Qd5 24. Nfd2 Nxg2 25. Rxe8+ Rxe8 26. Ne4 Ne3 27. Ncd2 Qd7 28. Qf3 Re6 29. Nf6+ Rxf6 30.
Qxb7 Qg4+ 31. Kh1 f3 32. Qa8+ Kf7 33. Rxc7+ Kg6 34. Qe4+ Qxe4 35. Nxe4 f2 36. Nxf2 Rxf2 37. h3 Rxa2 38. Bf8 Nf5 39. b4 a6 40. Ra7 Kh5 41. b5 Ng3+ 42. Kg1 Kh4 43. Rxg7 axb5 44. Rxh7+ Nh5 45.
Be7+ Kg3 46. Bd6+ Kh4 47. Be7+ Kg3 48. Bd6+ Nf4 49. Rg7+ Kf3 50. Rf7 Ra1+ 51. Kh2 Ra2+ 52.
Kg1 Ra1+ 53. Kh2 Ra2+ 54. Kg1 1/2-1/2

[Event "*** Titled Tuesday Blitz"]
[Site "Chess.com"]
[Date "2021.02.16"]
[Round "7"]
[White "alejogarcia1999"]
[Black "dpopadic"]
[Result "1/2-1/2"]
[WhiteElo "2497"]
[BlackElo "2363"]
[TimeControl "180+1"]
[EndTime "11:19:24 PST"]
[Termination "Game drawn by repetition"]

1. d4 Nf6 2. c4 g6 3. Nc3 Bg7 4. e4 d6 5. h3 O-O 6. Be3 e5 7. d5 a5 8. g4 Na6 9. Nge2 Nd7 10. Ng3 Ndc5 11. Bd3 Bd7 12. Bc2 c6 13. Qd2 cxd5 14.
cxd5 b5 15. a3 Re8 16. O-O Rc8 17. Bg5 Bf6 18. Be3 Bg7 19. Kg2 b4 20. axb4 Nxb4 21. Rfc1 Nxc2 22. Qxc2 a4 23. Ra3 Nb3 24. Rd1 Nd4 25.
Qd3 Rb8 26. Rd2 Qa5 27. Nge2 Nb3 28. Rd1 Rec8 29. f3 Bf6 30. g5 Bd8 31. h4 Bb6 32. Nxa4 Bxa4 33. Nc3 Rxc3 34. bxc3 Bxe3 35. Qxe3 Nc5 36.
Rda1 Qb5 37. Qd2 Qb2 38. R1a2 Qxd2+ 39. Rxd2 Rb1 40. Rda2 Bb3 41. Ra8+ Kg7 42. R2a7 Rb2+ 43. Kg3 Nd3 44. Rb8 Nf4 45. h5 gxh5 46. Rbb7 Rg2+ 47. Kh4 Rh2+ 48. Kg3 Rg2+ 49. Kh4 Rh2+ 50. Kg3 Rg2+ 1/2-1/2

[Event "*** Titled Tuesday Blitz"]
[Site "Chess.com"]
[Date "2021.02.16"]
[Round "7"]
[White "Zubrrr"]
[Black "Nils_03"]
[Result "1-0"]
[WhiteElo "2640"]
[BlackElo "2362"]
[TimeControl "180+1"]
[EndTime "11:19:25 PST"]
[Termination "Zubrrr won by resignation"]

1. d4 d5 2. c4 e6 3. Nf3 c6 4. g3 dxc4 5. Bg2 b5 6. O-O Bb7 7. a4 a6 8. b3 cxb3 9. Qxb3 b4 10. a5 Nf6 11. Ne5 Bd6 12. Nd2 O-O 13. Ndc4 Nd5 14.
Bd2 c5 15. Nxd6 Qxd6 16. Nc4 Qc7 17. e4 Nc3 18. Bxc3 bxc3 19. d5 Nd7 20. dxe6 fxe6 21. Qxc3 Bc6 22. Rfd1 Rad8 23. Rd6 Rfe8 24. Rad1 Bb5 25.
Bh3 Nf8 26. e5 h6 27. Rxd8 Rxd8 28. Rxd8 Qxd8 29. Nd6 Qd7 30. Qxc5 Qc6 31. Qxc6 Bxc6 32. Bf1 Nd7 33. Bxa6 Nxe5 34. f4 Nf3+ 35. Kf2 Nxh2 36. Bb7 Ng4+ 37. Ke2 Bxb7 38. Nxb7 Nf6 39. Nd8 Nd7 40. a6 Nb6 41. Nxe6 Kf7 42. Nc7 Kf6 43.
a7 Kf5 44. Kf3 g5 45. g4+ Kf6 46. Nd5+ Nxd5 47. fxg5+ hxg5 48. a8=Q Nf4 49. Qf8+ Kg6 50. Qf5+ Kh6 51. Qf6+ Ng6 52. Ke4 Kh7 53. Qxg5 Kg7 54. Kf5 1-0

[Event "*** Titled Tuesday Blitz"]
[Site "Chess.com"]
[Date "2021.02.16"]
[Round "7"]
[White "MuhittinBuker"]
[Black "muchojogo"]
[Result "1/2-1/2"]
[WhiteElo "2084"]
[BlackElo "2329"]
[TimeControl "180+1"]
[EndTime "11:19:25 PST"]
[Termination "Game drawn - insufficient material"]

1. d4 Nf6 2. c4 g6 3. Nc3 Bg7 4.
e4 d6 5. Nf3 O-O 6. Be2 e5 7.
O-O Nc6 8. d5 Ne7 9. Ne1 Nd7 10.
Nd3 f5 11. Bd2 f4 12. f3 g5 13. Rc1 Ng6 14. a4 Nf6 15. c5 Rf7 16. cxd6 cxd6 17. Nf2 h5 18. h3 Bf8 19. Nb5 Rg7 20. Rc3 g4 21. hxg4 hxg4 22. fxg4 Nh4 23. Rh3 Nh7 24. Be1 Bd7 25. b3 Ng6 26. Rc3 Ng5 27. Qc2 Rh7 28.
Nc7 Rc8 29. Ne6 Nxe6 30. dxe6 Bxe6 31. Rxc8 Qxc8 32. Qxc8 Bxc8 33. Bc4+ Kh8 34. Bd2 Be7 35. Rc1 Bd8 36. Be2 Rc7 37. Rxc7 Bxc7 38. a5 Kg7 39. b4 Nf8 40. Kf1 Ne6 41. Bc4 Nd4 42. Bc3 Nc6 43. Ke2 Kf6 44. Kf3 Ne7 45. Nd3 Kg5 46. Nf2 Ng6 47. g3 fxg3 48. Kxg3 Nf4 49.
Bd2 a6 50. Nh3+ Kg6 51. Nxf4+ exf4+ 52. Bxf4 Bd7 53. Bd5 Bc6 54. Bxc6 bxc6 55. g5 Bb8 56. Kg4 Bc7 57. Be3 Bd8 58. Bb6 Be7 59. Bc7 d5 60. exd5 cxd5 61. Bf4 Bxb4 62. Bc7 d4 63. Kf4 d3 64.
Ke3 d2 65. Ke2 Kxg5 66. Bb6 Kf5 67. Be3 Bxa5 68. Bxd2 Bc7 69. Kd3 Ke5 70. Kc4 Bb6 71.
Kb3 Kd4 72. Ka4 Kc4 73. Ba5 Bc5 74. Bc7 Bb4 75. Bd8 Kc3 76. Bf6+ Kc4 77. Bh4 Bd2 78. Bf6 Be3 79. Bh4 Bb6 80. Bg3 Kd5 81. Bh4 Kc6 82. Bg3 Kb7 83. Bh4 Bd8 84. Bxd8 a5 85. Kxa5 1/2-1/2

[Event "*** Titled Tuesday Blitz"]
[Site "Chess.com"]
[Date "2021.02.16"]
[Round "7"]
[White "GMKrikor"]
[Black "aa175"]
[Result "1-0"]
[WhiteElo "2807"]
[BlackElo "2608"]
[TimeControl "180+1"]
[EndTime "11:19:26 PST"]
[Termination "GMKrikor won by checkmate"]

1. Nf3 Nf6 2. c4 g6 3. Nc3 d5 4.
cxd5 Nxd5 5. h4 Bg7 6. h5 Nc6 7.
g3 O-O 8. Bg2 e5 9. hxg6 hxg6 10.
Qb3 Be6 11. Qa4 f5 12. d3 e4 13. Ng5 Nxc3 14. bxc3 Bxc3+ 15. Kf1 exd3 16. Nxe6 dxe2+ 17. Kxe2 Qe7 18. Qc4 Bxa1 19. Be3 Bd4 20. Nxd4+ Kg7 21. Nxc6 bxc6 22. Qc3+ Rf6 23. Kf1 Rb8 24. Bf3 Rb1+ 25.
Kg2 Rxh1 26. Kxh1 Kg8 27. Kg2 Qe6 28. Bg5 Rf7 29. Bxc6 f4 30. Bxf4 Qxa2 31. Bf3 Qe6 32. Qd3 Qf6 33. Bd2 Kg7 34. Bc3 g5 35. Bxf6+ Rxf6 36. Qd4 g4 37. Bxg4 Kf7 38. Bf3 c5 39. Qc4+ Kg7 40.
Qxc5 Rg6 41. Qxa7+ Kh8 42. Qe3 Kh7 43. Be4 Kg7 44. Bxg6 Kg8 45. Bh7+ Kg7 46. Qg5+ Kf7 47. Qg8+ Kf6 48. Qg6+ Ke5 49. Qf5+ Kd4 50. Qe4+ Kc5 51. Bf5 Kd6 52. Qd4+ Ke7 53. Qe5+ Kf7 54. Qe6+ Kg7 55.
Qg6+ Kf8 56. Qf6+ Ke8 57. Qg7 Kd8 58. Qd7# 1-0

[Event "*** Titled Tuesday Blitz"]
[Site "Chess.com"]
[Date "2021.02.16"]
[Round "7"]
[White "Infernal_XaM"]
[Black "mikolka1985"]
[Result "1-0"]
[WhiteElo "2820"]
[BlackElo "2622"]
[TimeControl "180+1"]
[EndTime "11:19:28 PST"]
[Termination "Infernal_XaM won on time"]

1. d4 Nf6 2. c4 e6 3. Nc3 Bb4 4.
Qa4 Bxc3+ 5. bxc3 b6 6. f3 Nh5 7. Nh3 f5 8. Bg5 Nf6 9. e4 fxe4 10. fxe4 h6 11. Bh4 g5 12. Bg3 Nxe4 13. Qc2 Bb7 14.
Nf2 Nxg3 15. Qg6+ Kf8 16. hxg3 Qe7 17. Ng4 Qg7 18. Ne5 Rg8 19. Qxh6 Qxh6 20. Rxh6 d6 21. Ng4 Nd7 22. Bd3 Re8 23. Kd2 Re7 24.
Bg6 Reg7 25. Bh5 Ke7 26. Re1 e5 27. dxe5 dxe5 28. Nxe5 Nxe5 29. Rxe5+ Kd8 30. Bg4 Re7 31. Rxe7 Kxe7 32. Rh7+ Kd6 33. Rd7+ Kc6 34. Rh7 Ba6 35.
Be6 Rd8+ 36. Bd5+ Kd6 37. Ke3 c6 38. Rh6+ Ke5 39. Re6+ Kf5 40. Rxc6 Re8+ 41. Kf3 g4+ 42. Kf2 Ke5 43. Rc7 Rf8+ 44. Ke3 Bc8 45. Rxa7 Bf5 46. a4 Rh8 47. Rb7 Rh1 48. Rxb6 Re1+ 49. Kd2 Ra1 50.
Rb5 Ra2+ 51. Ke3 Kf6 52. a5 Ra3 53. Kd4 Ra1 54. Bb7 Bd7 55. a6 Bxb5 56. cxb5 Ke6 57. Kc5 Kd7 58. c4 1-0

[Event "*** Titled Tuesday Blitz"]
[Site "Chess.com"]
[Date "2021.02.16"]
[Round "7"]
[White "Manukyan_Artak"]
[Black "bait_or_mate"]
[Result "1/2-1/2"]
[WhiteElo "2403"]
[BlackElo "2548"]
[TimeControl "180+1"]
[EndTime "11:19:30 PST"]
[Termination "Game drawn by repetition"]

1. e4 c5 2. Nf3 d6 3. Bb5+ Bd7 4. Bxd7+ Qxd7 5. c4 Nf6 6. Nc3 g6 7. d4 cxd4 8. Nxd4 Bg7 9. O-O O-O 10. f3 Rc8 11. b3 d5 12. exd5 Nxd5 13. Nxd5 e6 14. Bh6 exd5 15. Bxg7 Kxg7 16. cxd5 Qxd5 17. Ne2 Qc5+ 18. Qd4+ Qxd4+ 19. Nxd4 Nc6 20. Nxc6 Rxc6 21. Rac1 Rac8 22. Rxc6 Rxc6 23. g4 Rc2 24. Rf2 Rc3 25. Kg2 Kf6 26.
Re2 b6 27. h4 h6 28. Kg3 g5 29.
h5 Rc7 30. Rd2 Ke5 31. a4 f5 32. gxf5 Kxf5 33. Rd3 Rg7 34. Rd6 Rh7 35. b4 Ke5 36.
Rg6 Kd5 37. a5 b5 38. Kg4 Kc4 39. Rf6 Kxb4 40. Kf5 Kxa5 41. Kg6 Rb7 42. Kxh6 b4 43. Rf5+ Ka4 44. Rxg5 b3 45. Rg1 b2 46. f4 b1=Q 47.
Rxb1 Rxb1 48. f5 Kb5 49. f6 Rf1 50. Kg7 Rg1+ 51. Kh6 Rf1 52. Kg7 Rg1+ 53. Kh7 Rf1 54. Kg7 1/2-1/2

[Event "*** Titled Tuesday Blitz"]
[Site "Chess.com"]
[Date "2021.02.16"]
[Round "7"]
[White "elindisguise"]
[Black "politeplayer"]
[Result "1/2-1/2"]
[WhiteElo "2455"]
[BlackElo "2237"]
[TimeControl "180+1"]
[EndTime "11:19:30 PST"]
[Termination "Game drawn by repetition"]

1. e4 c5 2. Nf3 d6 3. d4 cxd4 4. Nxd4 Nf6 5. Nc3 g6 6. Bg5 Bg7 7. Be2 O-O 8. O-O Nc6 9. Nb3 Be6 10. Re1 Rc8 11. Qd2 Ne5 12. Bh6 Bxh6 13. Qxh6 Qb6 14. Rf1 Nc4 15. Bxc4 Bxc4 16. Rfe1 Qxf2+ 17. Kxf2 Ng4+ 18.
Kf3 Nxh6 19. Na5 Be6 20. h3 f6 21. Nd5 Rxc2 22. Nxe7+ Kf7 23. Nd5 Bxd5 24. exd5 Nf5 25. g4 Nd4+ 26. Kg3 b6 27. Nb7 Nb5 28. a4 Rb8 29. axb5 Rxb7 30. Re6 Rxb2 31. Rf1 Rb3+ 32. Kg2 Rb2+ 33. Kg3 Rb3+ 34. Kh2 Rc7 35. Rfxf6+ Kg7 36. Rf2 Rcc3 37. g5 Rxh3+ 38. Kg2 Rhg3+ 39. Kh2 Rxg5 40. Re7+ Kh6 41. Rff7 Rxd5 42. Rxh7+ Kg5 43. Re2 Rdd3 44. Rhe7 Rh3+ 45. Kg2 Rhg3+ 46. Kh2 Rh3+ 47. Kg2 Rbg3+ 48. Kf2 Rf3+ 49. Kg2 Rhg3+ 50. Kh2 Rh3+ 51. Kg2 Rfg3+ 52. Kf2 Rb3 53. Kg2 1/2-1/2

[Event "*** Titled Tuesday Blitz"]
[Site "Chess.com"]
[Date "2021.02.16"]
[Round "7"]
[White "Mihnea2017"]
[Black "Frolyanov_D"]
[Result "0-1"]
[WhiteElo "2465"]
[BlackElo "2658"]
[TimeControl "180+1"]
[EndTime "11:19:32 PST"]
[Termination "Frolyanov_D won by resignation"]

1. e4 c5 2. Nf3 e6 3. d4 cxd4 4. Nxd4 a6 5. c4 Nf6 6. Nc3 Qc7 7. a3 d6 8. f3 Be7 9. Be3 O-O 10. Be2 Nbd7 11. O-O b6 12. b4 Bb7 13. Rc1 Rac8 14. Qd2 Qb8 15. Kh1 Ne5 16. Na4 Ba8 17. Rc2 Bd8 18.
Nb2 Bc7 19. Nb3 Rcd8 20. a4 d5 21. exd5 exd5 22. c5 Nc4 23. Qc1 Nxe3 24. Qxe3 Bxh2 25. f4 d4 26. Nxd4 Nd5 27. Qf2 Bxf4 28. c6 Qe5 29. Nd3 Qf6 30. Nxf4 Qh6+ 31. Nh5 Nxb4 32. Rc3 Nxc6 33.
Nxc6 Bxc6 34. Rh3 Bd7 35. Rh2 Qg6 36. Nf4 Qg5 37. Rh5 Qf6 38. Nd5 Qxf2 39. Rxf2 h6 40. Nxb6 Bc6 41. Ra5 Rd2 42. Nc4 Rc2 43. Rxa6 Bd5 44.
Ne3 Rc1+ 45. Rf1 Rxf1+ 46. Bxf1 Be6 47. Kg1 Rb8 48. Kf2 Rb2+ 49. Kf3 Rb3 50. a5 Ra3 51. Ra8+ Kh7 52. a6 Bd5+ 53. Kf4 Bxa8 54. Nc4 Ra4 55. Bd3+ g6 56. Ke5 Rxa6 57. Nd6 Ra5+ 58. Kf6 Rd5 59.
Nxf7 0-1